 Dungeon Crawl Stone Soup version 0.16.1-14-g82efdee (webtiles) character file.

51 KarvaRausku the Skirmisher (level 3, 0/34 HPs)
             Began as a Draconian Wanderer on Apr 12, 2015.
             Slain by an orc wizard
             ... wielding a +0 dagger
              (3 damage)
             ... on level 3 of the Dungeon.
             The game lasted 00:03:19 (1341 turns).

KarvaRausku the Skirmisher (Draconian Wanderer)     Turns: 1341, Time: 00:03:20

Health: 0/34       AC:  5    Str: 16    XL:     3   Next: 58%
Magic:  3/3        EV: 17    Int: 11    God:
Gold:   98         SH:  0    Dex: 15    Spells: 0 memorised, 2 levels left

rFire  . . .     SeeInvis .     a - +2 quarterstaff
rCold  . . .     Clarity  .     (armour unavailable)
rNeg   . . .     SustAb   .     (no shield)
rPois  .         Gourm    .     (helmet restricted)
rElec  .         Spirit   .     (no cloak)
rCorr  .         Warding  .     (no gloves)
rMut   .         Rnd*Tele +     (no boots)
MR     .....                    (no amulet)
Stlth  +++.......               (no ring)
                                s - ring of teleportation (curse)

@: agile, not resistant to hostile enchantments, fairly stealthy
A: unfitting armour, cold-blooded, AC +5
a: Evoke Teleportation


You were on level 3 of the Dungeon.
You were not hungry.

You visited 1 branch of the dungeon, and saw 3 of its levels.

You collected 98 gold pieces.

Inventory:

Hand weapons
 a - a +2 quarterstaff (weapon)
 e - a +0 dagger
 h - a +0 hand axe
Jewellery
 s - a cursed ring of teleportation (left hand)
Scrolls
 c - 2 scrolls of teleportation
 d - a scroll of recharging {unknown}
 g - a scroll of enchant armour {unknown}
 k - 3 scrolls of blinking {unknown}
 l - 3 scrolls of identify {unknown}
 n - a scroll of noise {unknown}
 o - a scroll of magic mapping {unknown}
 p - a scroll of remove curse {unknown}
 q - a scroll of random uselessness {unknown}
Potions
 b - 2 potions of curing
Comestibles
 f - a bread ration
 i - 2 beef jerkies
 j - a meat ration
 r - a chunk of flesh


   Skills:
 - Level 4.3 Fighting
 + Level 3.3 Axes
 - Level 1.0 Staves
 - Level 1.7 Throwing
 - Level 1.0 Dodging
 - Level 1.7 Stealth


You had 2 spell levels left.
You didn't know any spells.

Dungeon Overview and Level Annotations

Branches:
Dungeon (3/15)

Altars:
Ashenzari
Cheibriados
Fedhas
Nemelex Xobeh
Sif Muna
Yredelemnul


Innate Abilities, Weirdness & Mutations

Your plain brown scales are hard (AC +5).
Your body does not fit into most forms of armour.
Your cold-blooded metabolism reacts poorly to cold.


Message History

* * * LOW HITPOINT WARNING * * *
You hear some strange, mumbled words.
The puff of flame misses you.
You feel less confused. The magic dart hits you!
* * * LOW HITPOINT WARNING * * *
Drink which item? (? for menu, Esc to quit)
It was a potion of agility.
You feel agile all of a sudden.
Drink which item? (? for menu, Esc to quit)
You feel better. Something hits you but does no damage.
You hit something.
You hear some strange, mumbled words.
The magic dart hits you!
* * * LOW HITPOINT WARNING * * *
You hit something. You tail-slap something. Something hits you.
* * * LOW HITPOINT WARNING * * *
You hit something. Something hits you.
You die...

..)... ..... ##...#
#.... ###...### #
....... .#
#...#########.###
#.................
#.#......@....#
########.#.#####{#####
......##.#.# #.#
.........#.# #.#
#####.####%#####.# #.#
#.......# #.#
#..###### #.# #..# #.#
#.%#


There were no monsters in sight!

Vanquished Creatures
  2 adders (D:2)
  A worm (D:3)
  4 orcs (D:3)
  A ball python (D:1)
  2 bats (D:1)
  2 giant cockroaches (D:2)
  A hobgoblin (D:1)
  3 giant newts
  3 goblins
  3 kobolds (D:1)
  6 rats
28 creatures vanquished.

Notes
Turn   | Place    | Note
--------------------------------------------------------------
     0 | D:1      | KarvaRausku, the Draconian Wanderer, began the quest for the Orb.
     0 | D:1      | KarvaRausku set off with: a +2 quarterstaff, a potion of curing, a scroll of teleportation, a +0 dagger, a bread ration
     0 | D:1      | Reached XP level 1. HP: 22/22 MP: 1/1
    51 | D:1      | Reached skill level 1 in Axes
   215 | D:1      | Reached XP level 2. HP: 26/28 MP: 2/2
   618 | D:2      | Found a sparkling altar of Nemelex Xobeh.
   619 | D:2      | Found a deep blue altar of Sif Muna.
   621 | D:2      | Found a blossoming altar of Fedhas.
   622 | D:2      | Found a snail-covered altar of Cheibriados.
   622 | D:2      | Found a basalt altar of Yredelemnul.
   624 | D:2      | Found a shattered altar of Ashenzari.
   765 | D:2      | Reached XP level 3. HP: 31/34 MP: 3/3
  1335 | D:3      | HP: 1/34 [something/magic dart (4)]
  1341 | D:3      | Slain by an orc wizard

Action                   || total
-------------------------++-------
Melee: Quarterstaff      ||    67
  Use: Potion            ||     2
 Stab: Sleeping          ||     3
  Eat: Chunk             ||     1
